FL
WINDY CITY THUNDERBOLTS @ SCHAUMBURG BOOMERS
08/12/2072
 
TOP OF THE 1ST
Joliet Slammers batting - Pitching for Schaumburg Boomers : RHP Chris Pennell
Pitching: RHP Chris Pennell
Batting: RHB Arturo Mejia 0-0: Foul Ball, location: 2F
0-1: Ground out 6-3 (Groundball, 6, EV 88.1 MPH)
Batting: RHB Mitch Crutcher 0-0: Ground out 6-3 (Groundball, 6, EV 83.8 MPH)
Batting: LHB Bruce Mejia 0-0: Foul Ball, location: 2F
0-1: Fly out, F6 (Popup, 15, EV 77.5 MPH)
Top of the 1st over - 0 runs, 0 hits, 0 errors, 0 left on base; Joliet 0 - Schaumburg 0
BOTTOM OF THE 1ST
Schaumburg Boomers batting - Pitching for Joliet Slammers : RHP Taylor Goshen
Pitching: RHP Taylor Goshen
Batting: LHB Bubba Schmidt 0-0: Ball
1-0: Reached via error on a dropped throw from 1B, E1 (Groundball, 34S, EV 88.1 MPH)
Batting: RHB Ignacio Munoz 0-0: Ball
1-0: Ball
2-0: Called Strike
2-1: Ball
3-1: Called Strike
3-2: Fly out, F8 (Flyball, 8LXD, EV 95.6 MPH)
Batting: LHB Jody Williamson 0-0: Called Strike
0-1: Ball
Bubba Schmidt is caught stealing 2nd base 2-6
1-1: Swinging Strike
1-2: Ball
2-2: Hit by Pitch
Batting: SHB Manny Rivera 0-0: Ball
1-0: Ball
2-0: Foul Ball, location: 2F
2-1: Ball
3-1: Foul Ball, location: 2F
3-2: Base on Balls
Jody Williamson to second
Batting: LHB Mike Crain 0-0: Foul Ball, location: 2F
0-1: Called Strike
0-2: Foul Ball, location: 2F
0-2: DOUBLE (Line Drive, 89D, EV 106.9 MPH)
Jody Williamson scores
Manny Rivera to third
Runner from 3rd tries for Home, SAFE, throw by CF to trailing runner, SAFE at third!
Batting: RHB Aaron Gleich 0-0: Ball
1-0: Called Strike
1-1: Foul Ball, location: 2F
1-2: Ball
2-2: Fly out, F8 (Flyball, 8LM, EV 88.1 MPH)
Bottom of the 1st over - 2 runs, 1 hit, 1 error, 1 left on base; Joliet 0 - Schaumburg 2
TOP OF THE 2ND
Joliet Slammers batting - Pitching for Schaumburg Boomers : RHP Chris Pennell
Batting: LHB Matt Gillespie 0-0: Ball
1-0: SOLO HOME RUN (Flyball, 9LD, EV 102.5 MPH), Distance : 376 ft
Batting: RHB Chad Bushard 0-0: Called Strike
0-1: Ball
1-1: DOUBLE (Flyball, 8RXD, EV 96.2 MPH)
Batting: LHB Steve Gage 0-0: Called Strike
0-1: Ball
1-1: SINGLE (Line Drive, 8RM, EV 89.4 MPH)
Chad Bushard to third
Runner from 3rd tries for Home, SAFE, throw by CF to home
Batting: RHB Aaron Harrison 0-0: Ball
1-0: Called Strike
1-1: Foul Ball, location: 2F
1-2: Foul Ball, location: 2F
1-2: Strikes out swinging
Batting: RHB Alvaro Villanueva 0-0: Called Strike
0-1: Foul Ball, location: 2F
0-2: Ball
1-2: 2-RUN HOME RUN (Flyball, 7D, EV 105.0 MPH), Distance : 389 ft
Batting: SHB Ian Hayes 0-0: Ball
1-0: Ball
2-0: Ball
3-0: Base on Balls
Batting: RHB Arturo Mejia 0-0: Ball
1-0: SINGLE (Line Drive, 89M, EV 109.4 MPH)
Ian Hayes to second
Batting: RHB Mitch Crutcher 0-0: Grounds into double play, 4-6-3 (Groundball, 4, EV 82.5 MPH)
Top of the 2nd over - 4 runs, 5 hits, 0 errors, 1 left on base; Joliet 4 - Schaumburg 2
BOTTOM OF THE 2ND
Schaumburg Boomers batting - Pitching for Joliet Slammers : RHP Taylor Goshen
Batting: LHB Felipe Guerrero 0-0: Called Strike
0-1: Foul Ball, location: 2F
0-2: Foul Ball, location: 2F
0-2: Ball
1-2: SOLO HOME RUN (Flyball, 7LD, EV 97.5 MPH), Distance : 375 ft
Batting: RHB Ernie Lawrence 0-0: Fly out, F8 (Line Drive, 8LM, EV 91.9 MPH)
Batting: RHB Chance Lott 0-0: Ball
1-0: Called Strike
1-1: Foul Ball, location: 2F
1-2: Ball
2-2: Ball
3-2: DOUBLE (Groundball, 5L, EV 101.9 MPH)
Batting: LHB Bubba Schmidt 0-0: Ball
1-0: Foul Ball, location: 2F
1-1: Foul Ball, location: 2F
1-2: Ball
2-2: Foul Ball, location: 2F
2-2: Ball
3-2: Foul Ball, location: 2F
3-2: Ground out U3 (Groundball, 34, EV 105.0 MPH)
Chance Lott to third
Batting: RHB Ignacio Munoz 0-0: Ball
1-0: Ball
2-0: Fly out, F8 (Flyball, 8LXD, EV 87.5 MPH)
Bottom of the 2nd over - 1 run, 2 hits, 0 errors, 1 left on base; Joliet 4 - Schaumburg 3
TOP OF THE 3RD
Joliet Slammers batting - Pitching for Schaumburg Boomers : RHP Chris Pennell
Batting: LHB Bruce Mejia 0-0: Ball
1-0: Swinging Strike
1-1: Swinging Strike
1-2: Ball
2-2: Ball
3-2: Foul Ball, location: 2F
3-2: SINGLE (Groundball, 56S, EV 65.0 MPH) (infield hit)
Batting: LHB Matt Gillespie 0-0: Grounds into double play, 4-6-3 (Groundball, 4, EV 83.8 MPH)
Batting: RHB Chad Bushard 0-0: Ball
1-0: Called Strike
1-1: Ball
2-1: Ball
3-1: Ground out 4-3 (Groundball, 4MD, EV 108.1 MPH)
Top of the 3rd over - 0 runs, 1 hit, 0 errors, 0 left on base; Joliet 4 - Schaumburg 3
BOTTOM OF THE 3RD
Schaumburg Boomers batting - Pitching for Joliet Slammers : RHP Taylor Goshen
Batting: LHB Jody Williamson 0-0: SOLO HOME RUN (Flyball, 9LD, EV 106.9 MPH), Distance : 377 ft
Batting: SHB Manny Rivera 0-0: Ball
1-0: Ball
2-0: Foul Ball, location: 2F
2-1: Called Strike
2-2: Strikes out looking
Batting: LHB Mike Crain 0-0: Ball
1-0: Fly out, F8 (Flyball, 8RXD, EV 82.5 MPH)
Batting: RHB Aaron Gleich 0-0: Ball
1-0: Called Strike
1-1: Called Strike
1-2: Ball
2-2: Ball
3-2: Ground out 6-3 (Groundball, 6, EV 80.0 MPH)
Bottom of the 3rd over - 1 run, 1 hit, 0 errors, 0 left on base; Joliet 4 - Schaumburg 4
TOP OF THE 4TH
Joliet Slammers batting - Pitching for Schaumburg Boomers : RHP Chris Pennell
Batting: LHB Steve Gage 0-0: Ball
1-0: Called Strike
1-1: Ball
2-1: Foul Ball, location: 2F
2-2: Ball
3-2: Base on Balls
Batting: RHB Aaron Harrison 0-0: Ball
1-0: Swinging Strike
1-1: Swinging Strike
1-2: Ball
2-2: Ball
3-2: Foul Ball, location: 2F
3-2: Foul Ball, location: 2F
3-2: Strikes out swinging
Batting: RHB Alvaro Villanueva 0-0: Called Strike
0-1: Swinging Strike
0-2: Ball
1-2: Strikes out swinging
Batting: SHB Ian Hayes 0-0: Called Strike
0-1: Ball
1-1: Ball
2-1: Ball
3-1: Swinging Strike
3-2: Ground out 4-3 (Groundball, 4, EV 78.1 MPH)
Top of the 4th over - 0 runs, 0 hits, 0 errors, 1 left on base; Joliet 4 - Schaumburg 4
BOTTOM OF THE 4TH
Schaumburg Boomers batting - Pitching for Joliet Slammers : RHP Taylor Goshen
Batting: LHB Felipe Guerrero 0-0: Ball
1-0: Ball
2-0: Ball
3-0: Called Strike
3-1: Base on Balls
Batting: RHB Ernie Lawrence Pickoff Throw to First - Out! 1-3
0-0: Called Strike
0-1: Ball
1-1: SINGLE (Groundball, 6MD, EV 100.0 MPH)
Batting: RHB Chance Lott 0-0: Ball
1-0: Foul Ball, location: 2F
1-1: Foul Ball, location: 2F
1-2: Ball
2-2: Ground out 4-3 (Groundball, 34, EV 103.1 MPH)
Ernie Lawrence to second
Batting: LHB Bubba Schmidt 0-0: Foul Ball, location: 2F
0-1: Ball
1-1: Ground out 1-3 (Groundball, P, EV 68.1 MPH)
Bottom of the 4th over - 0 runs, 1 hit, 0 errors, 1 left on base; Joliet 4 - Schaumburg 4
TOP OF THE 5TH
Joliet Slammers batting - Pitching for Schaumburg Boomers : RHP Chris Pennell
Batting: RHB Arturo Mejia 0-0: Ground out 5-3 (Groundball, 56, EV 104.4 MPH)
Batting: RHB Mitch Crutcher 0-0: Hit by Pitch
Batting: LHB Bruce Mejia 0-0: Ball
1-0: Called Strike
1-1: Ball
2-1: SINGLE (Groundball, 34D, EV 98.1 MPH)
Mitch Crutcher to second
Runner from 2nd tries for 3rd, SAFE, throw by RF made to third
Batting: LHB Matt Gillespie 0-0: Ball
1-0: SINGLE (Groundball, 4, EV 95.0 MPH)
Mitch Crutcher scores
Bruce Mejia to second
Runner from 2nd tries for 3rd, SAFE, throw by RF made to third
Pitching: RHP Kip DeShields
Batting: RHB Chad Bushard 0-0: Ball
1-0: Ball
2-0: Ball
3-0: Called Strike
3-1: Base on Balls
Matt Gillespie to second
Batting: LHB Steve Gage 0-0: Fly out, F8 (Flyball, 8RD, EV 82.5 MPH)
Runner from 3rd tags up, SCORES, throw by CF
Batting: RHB Aaron Harrison 0-0: Called Strike
0-1: Foul Ball, location: 2F
0-2: Fly out, F7 (Flyball, 7LM, EV 96.9 MPH)
Top of the 5th over - 2 runs, 2 hits, 0 errors, 2 left on base; Joliet 6 - Schaumburg 4
BOTTOM OF THE 5TH
Schaumburg Boomers batting - Pitching for Joliet Slammers : RHP Taylor Goshen
Batting: RHB Ignacio Munoz 0-0: Ball
1-0: Ball
2-0: DOUBLE (Line Drive, 7LM, EV 101.9 MPH)
Batting: LHB Jody Williamson 0-0: DOUBLE (Line Drive, 89XD, EV 100.0 MPH)
Ignacio Munoz scores
Pitching: RHP Scott Cassidy
Batting: SHB Manny Rivera 0-0: Ball
1-0: Ball
2-0: Called Strike
2-1: Ball
3-1: Called Strike
3-2: Base on Balls
Batting: LHB Mike Crain 0-0: Ball
1-0: SINGLE (Line Drive, 7S, EV 91.9 MPH)
Jody Williamson to third
Manny Rivera to second
Batting: RHB Aaron Gleich 0-0: Ball
1-0: Foul Ball, location: 2F
1-1: Fly out, F8 (Flyball, 89XD, EV 95.6 MPH)
Runner from 3rd tags up, SCORES, no throw by CF
Batting: LHB Felipe Guerrero 0-0: Fly out, F8 (Line Drive, 8RD, EV 91.2 MPH)
Batting: RHB Ernie Lawrence 0-0: Ball
1-0: Swinging Strike
1-1: Swinging Strike
1-2: Strikes out looking
Bottom of the 5th over - 2 runs, 3 hits, 0 errors, 2 left on base; Joliet 6 - Schaumburg 6
TOP OF THE 6TH
Joliet Slammers batting - Pitching for Schaumburg Boomers : RHP Kip DeShields
Batting: RHB Alvaro Villanueva 0-0: Ground out 4-3 (Groundball, 34, EV 105.6 MPH)
Batting: SHB Ian Hayes 0-0: Ball
1-0: Ball
2-0: Fly out, F6 (Popup, 6M, EV 62.5 MPH)
Batting: RHB Arturo Mejia 0-0: Ball
1-0: Called Strike
1-1: SINGLE (Flyball, 8LS, EV 101.2 MPH)
Batting: RHB Mitch Crutcher 0-0: Ball
1-0: Ball
2-0: Ground out 2-3 (Groundball, 15S, EV 75.0 MPH)
Top of the 6th over - 0 runs, 1 hit, 0 errors, 1 left on base; Joliet 6 - Schaumburg 6
BOTTOM OF THE 6TH
Schaumburg Boomers batting - Pitching for Joliet Slammers : RHP Scott Cassidy
Batting: RHB Chance Lott 0-0: Ball
1-0: Ball
2-0: Ball
3-0: Called Strike
3-1: Base on Balls
Batting: LHB Bubba Schmidt 0-0: Ball
1-0: Sac Bunt to 5S - play at first, batter OUT! 5-4
Chance Lott to second
Batting: RHB Ignacio Munoz 0-0: Called Strike
0-1: Ball
1-1: Fly out, F8 (Flyball, 8LD, EV 105.0 MPH)
Batting: LHB Jody Williamson 0-0: Called Strike
0-1: Swinging Strike
0-2: Foul Ball, location: 2F
0-2: Ball
1-2: SINGLE (Line Drive, 7LM, EV 101.9 MPH)
Chance Lott to third
Pitching: LHP Connor McGuinness
Batting: SHB Manny Rivera 0-0: Called Strike
0-1: Foul Ball, location: 2F
0-2: Foul Ball, location: 2F
0-2: Foul Ball, location: 2F
0-2: Ball
1-2: Foul Ball, location: 2F
1-2: Foul Ball, location: 2F
1-2: Foul Ball, location: 2F
1-2: Strikes out swinging
Bottom of the 6th over - 0 runs, 1 hit, 0 errors, 2 left on base; Joliet 6 - Schaumburg 6
TOP OF THE 7TH
Joliet Slammers batting - Pitching for Schaumburg Boomers : RHP Kip DeShields
Batting: LHB Bruce Mejia 0-0: Foul Ball, location: 2F
0-1: Ball
1-1: Ball
2-1: Ground out 4-3 (Groundball, 4, EV 82.5 MPH)
Batting: LHB Matt Gillespie 0-0: Ball
1-0: Called Strike
1-1: Ball
2-1: Called Strike
2-2: Ball
3-2: Foul Ball, location: 2F
3-2: Strikes out looking
Batting: RHB Chad Bushard 0-0: Called Strike
0-1: Ball
1-1: Foul Ball, location: 2F
1-2: Ball
2-2: Foul Ball, location: 2F
2-2: Ground out 5-3 (Groundball, 5, EV 78.1 MPH)
Top of the 7th over - 0 runs, 0 hits, 0 errors, 0 left on base; Joliet 6 - Schaumburg 6
BOTTOM OF THE 7TH
Schaumburg Boomers batting - Pitching for Joliet Slammers : LHP Connor McGuinness
Batting: LHB Mike Crain 0-0: Swinging Strike
0-1: Ball
1-1: Ball
2-1: Foul Ball, location: 2F
2-2: Strikes out swinging, 2-3 out at first.
Batting: RHB Aaron Gleich 0-0: Called Strike
0-1: Ball
1-1: Ball
2-1: Swinging Strike
2-2: DOUBLE (Flyball, 3D, EV 83.1 MPH)
Batting: LHB Felipe Guerrero 0-0: Ball
1-0: Called Strike
1-1: Ball
2-1: Foul Ball, location: 2F
2-2: Strikes out swinging
Pitching: LHP Brandon Sherman
Batting: RHB Ernie Lawrence 0-0: Swinging Strike
0-1: Ball
1-1: Swinging Strike
1-2: Strikes out looking
Bottom of the 7th over - 0 runs, 1 hit, 0 errors, 1 left on base; Joliet 6 - Schaumburg 6
TOP OF THE 8TH
Joliet Slammers batting - Pitching for Schaumburg Boomers : RHP Kip DeShields
Pitching: RHP Aaron Hurt
Batting: LHB Steve Gage 0-0: Foul Ball, location: 2F
0-1: Swinging Strike
0-2: Strikes out swinging
Batting: RHB Aaron Harrison 0-0: Ball
1-0: Called Strike
1-1: Ball
2-1: Ball
3-1: Base on Balls
Batting: RHB Alvaro Villanueva 0-0: Called Strike
0-1: Ball
1-1: Ball
2-1: Called Strike
2-2: Ball
3-2: Base on Balls
Aaron Harrison to second
Batting: SHB Ian Hayes 0-0: Fly out, F7 (Flyball, 7LS, EV 73.1 MPH)
Batting: RHB Arturo Mejia 0-0: DOUBLE (Flyball, 78D, EV 101.2 MPH)
Aaron Harrison scores
Alvaro Villanueva to third
Batting: RHB Mitch Crutcher 0-0: Hit by Pitch
Batting: LHB Bruce Mejia 0-0: Called Strike
0-1: Ball
1-1: Ball
2-1: SINGLE (Groundball, 6D, EV 101.2 MPH)
Alvaro Villanueva scores
Arturo Mejia to third
Mitch Crutcher to second
Runner from 3rd tries for Home, SAFE, throw by CF to home
Pitching: RHP Jacob Williams
Batting: LHB Matt Gillespie 0-0: Ball
1-0: Ball
2-0: Swinging Strike
2-1: Ball
3-1: Base on Balls
Mitch Crutcher to third
Bruce Mejia to second
Batting: RHB Chad Bushard 0-0: DOUBLE (Line Drive, 7LM, EV 95.0 MPH)
Mitch Crutcher scores
Bruce Mejia scores
Matt Gillespie to third
Runner from 3rd tries for Home, throw by LF and OUT! 7-6-2
Top of the 8th over - 5 runs, 3 hits, 0 errors, 1 left on base; Joliet 11 - Schaumburg 6
BOTTOM OF THE 8TH
Schaumburg Boomers batting - Pitching for Joliet Slammers : LHP Brandon Sherman
Batting: RHB Chance Lott 0-0: Foul Ball, location: 2F
0-1: DOUBLE (Flyball, 8RXD, EV 108.8 MPH)
Batting: LHB Bubba Schmidt 0-0: Ball
1-0: Ball
2-0: Ball
3-0: Base on Balls
Batting: RHB Ignacio Munoz 0-0: Foul Ball, location: 2F
0-1: Ball
1-1: Ball
2-1: Ball
3-1: Base on Balls
Chance Lott to third
Bubba Schmidt to second
Batting: LHB Jody Williamson 0-0: Ball
1-0: Called Strike
1-1: Foul Ball, location: 2F
1-2: Foul Ball, location: 2F
1-2: Foul Ball, location: 2F
1-2: Ball
2-2: Fly out, F7 (Line Drive, 7D, EV 96.2 MPH)
Runner from 3rd tags up, SCORES, no throw by LF
Batting: SHB Manny Rivera 0-0: Ball
1-0: Foul Ball, location: 2F
1-1: Foul Ball, location: 2F
1-2: Fly out, F8 (Flyball, 8LM, EV 83.8 MPH)
Batting: LHB Mike Crain 0-0: Ball
1-0: Ball
Wild Pitch!
Bubba Schmidt to third
Ignacio Munoz to second
2-0: Called Strike
2-1: Foul Ball, location: 2F
2-2: Strikes out swinging
Bottom of the 8th over - 1 run, 1 hit, 0 errors, 2 left on base; Joliet 11 - Schaumburg 7
TOP OF THE 9TH
Joliet Slammers batting - Pitching for Schaumburg Boomers : RHP Jacob Williams
Batting: LHB Steve Gage 0-0: Foul Ball, location: 2F
0-1: Swinging Strike
0-2: Foul Ball, location: 2F
0-2: Foul Ball, location: 2F
0-2: Ball
1-2: Ball
2-2: Ball
3-2: Foul Ball, location: 2F
3-2: Base on Balls
Batting: RHB Aaron Harrison 0-0: Ball
1-0: Fly out, F8 (Flyball, 8RM, EV 84.4 MPH)
Batting: RHB Alvaro Villanueva 0-0: Ball
1-0: Grounds into double play, 4-6-3 (Groundball, 4D, EV 106.9 MPH)
Top of the 9th over - 0 runs, 0 hits, 0 errors, 0 left on base; Joliet 11 - Schaumburg 7
BOTTOM OF THE 9TH
Schaumburg Boomers batting - Pitching for Joliet Slammers : LHP Brandon Sherman
Pitching: RHP Paul Geha
Batting: RHB Aaron Gleich 0-0: Ball
1-0: Foul Ball, location: 2F
1-1: DOUBLE (Flyball, 8LXD, EV 89.4 MPH)
Batting: LHB Felipe Guerrero 0-0: Ball
1-0: DOUBLE (Flyball, 8LXD, EV 88.8 MPH)
Aaron Gleich scores
Batting: RHB Ernie Lawrence 0-0: Called Strike
0-1: Foul Ball, location: 2F
0-2: Ball
1-2: Foul Ball, location: 2F
1-2: Ball
2-2: Foul Ball, location: 2F
2-2: Foul Ball, location: 2F
2-2: Ground out 5-3 (Groundball, 56S, EV 86.9 MPH)
Batting: RHB Chance Lott 0-0: Ball
1-0: Ball
2-0: Called Strike
2-1: DOUBLE (Line Drive, 9LD, EV 111.2 MPH)
Felipe Guerrero scores
Batting: LHB Bubba Schmidt 0-0: Foul Ball, location: 2F
0-1: Foul Ball, location: 2F
0-2: Ball
1-2: Foul Ball, location: 2F
1-2: Strikes out swinging
Batting: RHB Ignacio Munoz 0-0: DOUBLE (Flyball, 8LD, EV 91.2 MPH)
Chance Lott scores
Batting: LHB Jody Williamson 0-0: Called Strike
0-1: Ball
1-1: Ball
2-1: Ground out 4-3 (Groundball, 34D, EV 101.2 MPH)
Bottom of the 9th over - 3 runs, 4 hits, 0 errors, 1 left on base; Joliet 11 - Schaumburg 10
Saturday, October 30th , 2021 - OOTP Baseball 22.10 Build 79